[Event "Titled Tuesday Blitz August 02 Late 2022"]
[White "Ohanyan, Emin"]
[Black "Szalay, Karoly"]
[WhiteFideId "13312022"]
[BlackFideId "2600544"]
[WhiteElo "1927"]
[BlackElo "2539"]
[Result "0-1"]
[Round "02"]
[TimeControl "180+1"]
[Date "2022.08.02"]
[WhiteClock "0:00:02"]
[BlackClock "0:00:26"]

1. e4 e5 2. Nc3 Nc6 3. Bc4 Nf6 4. d3 a6 5. f4 Bc5 6. Nf3 d6 7. f5 Na5 8. Bb3 c6 9. Qe2 b5 10. Be3 Qb6 11. Nd1 Nxb3 12. axb3 Bb7 13. b4 Bxb4+ 14. c3 Bc5 15. O-O Bxe3+ 16. Nxe3 Ng4 17. d4 Nxe3 18. Qxe3 exd4 19. cxd4 c5 20. d5 O-O-O 21. b4 Qc7 22. bxc5 dxc5 23. Rfc1 c4 24. Qa7 Rhe8 25. e5 Rxd5 26. Re1 Qc5+ 27. Qxc5+ Rxc5 28. e6 Rxf5 29. Nd4 Rf6 30. e7 Kd7 31. Rad1 Rd6 32. Nf5 Rd5 33. Rxd5+ Bxd5 34. Rd1 Kc6 35. Nd4+ Kc5 36. Nf5 g6 37. Ne3 Be6 38. Nf5 Bxf5 39. Re1 Be6 40. Rxe6 fxe6 0-1


[Site "https://www.chess.com"]

[Event "Titled Tuesday Blitz August 02 Late 2022"]
[White "Oparin, Grigoriy"]
[Black "Janaszak, Dawid"]
[WhiteFideId "24125890"]
[BlackFideId "1119206"]
[WhiteElo "2639"]
[BlackElo "2199"]
[Result "1-0"]
[Round "02"]
[TimeControl "180+1"]
[Date "2022.08.02"]
[WhiteClock "0:00:12"]
[BlackClock "0:00:01"]

1. e4 e6 2. d4 d5 3. Nc3 Nf6 4. e5 Ng8 5. f4 c5 6. Nf3 Nc6 7. Be3 cxd4 8. Nxd4 Nh6 9. Bd3 Qa5 10. O-O Bc5 11. Nce2 Ng4 12. Qc1 Qb6 13. c3 Bd7 14. b4 Bxd4 15. Bxd4 Nxd4 16. Nxd4 g6 17. Qd2 h5 18. h3 Nh6 19. g3 Nf5 20. Bxf5 gxf5 21. Kh2 Rc8 22. Rf3 Rc4 23. a3 Kd8 24. Re3 Kc8 25. Qe2 Kb8 26. Rf1 Ba4 27. Kg2 a6 28. Rff3 Qc7 29. Qd2 Ka8 30. Rd3 Qb6 31. Qf2 Qc7 32. Kh2 Qd8 33. Rfe3 Qc8 34. Nf3 Bb5 35. Qd2 Rc7 36. Rd4 Qd8 37. Ng5 Qe7 38. Qd1 Be8 39. a4 Qd7 40. a5 Qe7 41. Qe2 Bb5 42. Qf3 Qe8 43. Qd1 Kb8 44. Rd2 Bc4 45. Nf3 Bb5 46. Nd4 h4 47. g4 fxg4 48. hxg4 Bc4 49. Rh3 Qe7 50. Qe1 Rcc8 51. g5 Qd7 52. Rg2 Qa4 53. g6 fxg6 54. Nxe6 d4 55. Nxd4 Bd5 56. Rxg6 Rhf8 57. f5 Qa2+ 58. Qe2 Qa1 59. Rg1 Qa4 60. e6 Rfe8 61. Qe5+ Ka8 62. Qxd5 Qa2+ 63. Qxa2 1-0


[Site "https://www.chess.com"]

[Event "Titled Tuesday Blitz August 02 Late 2022"]
[White "Popilski, Gil"]
[Black "Alekseenko, Kirill"]
[WhiteFideId "2809060"]
[BlackFideId "4135539"]
[WhiteElo "2537"]
[BlackElo "2682"]
[Result "1/2-1/2"]
[Round "02"]
[TimeControl "180+1"]
[Date "2022.08.02"]
[WhiteClock "0:00:11"]
[BlackClock "0:00:22"]

1. e4 e5 2. Nf3 Nc6 3. d4 exd4 4. Nxd4 Qf6 5. Be3 Bc5 6. c3 Nge7 7. Nc2 Bxe3 8. Nxe3 d6 9. Bd3 Ne5 10. Bc2 Bd7 11. O-O O-O-O 12. f4 N5g6 13. Kh1 h5 14. Nd2 Kb8 15. a4 h4 16. Ng4 Bxg4 17. Qxg4 Nc6 18. a5 a6 19. Bb3 Nge7 20. Nf3 g6 21. Ng5 Rdf8 22. e5 dxe5 23. fxe5 Nxe5 24. Rxf6 Nxg4 25. Rxf7 Rxf7 26. Nxf7 Rf8 27. Re1 Nc6 28. Kg1 Nxa5 29. Ba2 Nc6 30. Re4 Nf6 31. Rxh4 Ka7 32. Rh6 Ne4 33. Rxg6 Nc5 34. Rg4 Nd3 35. b4 Re8 36. h4 Re1+ 37. Kh2 Nf2 38. Rf4 Ne4 39. Bd5 Nxc3 40. Bxc6 bxc6 41. h5 Nd5 42. Rh4 Nf6 43. h6 Nh7 44. Rh5 Re6 45. Kg3 Rf6 46. Ne5 c5 47. bxc5 a5 48. Kg4 a4 49. Rh3 Ra6 50. Ra3 Rxh6 51. Rxa4+ Kb7 52. Rb4+ Kc8 53. Kf5 Rf6+ 54. Ke4 Ng5+ 55. Kd5 Rf1 56. Nc6 Rd1+ 57. Ke5 Kd7 58. Rd4+ Rxd4 59. Nxd4 Nf7+ 60. Kf6 Nh6 61. Kg5 Nf7+ 62. Kf6 Nh6 63. Nb5 Kc6 64. Nxc7 Kxc7 65. Kg6 Ng4 66. Kg5 Ne3 67. g3 Nf1 68. g4 Ne3 69. Kf4 Nxg4 70. Kxg4 Kc6 71. Kh5 Kxc5 1/2-1/2


[Site "https://www.chess.com"]

[Event "Titled Tuesday Blitz August 02 Late 2022"]
[White "Salem, A.R. Saleh"]
[Black "Poltorak, Sebastian"]
[WhiteFideId "9301348"]
[BlackFideId "1199498"]
[WhiteElo "2679"]
[BlackElo "2104"]
[Result "1-0"]
[Round "02"]
[TimeControl "180+1"]
[Date "2022.08.02"]
[WhiteClock "0:00:07"]
[BlackClock "0:00:13"]

1. d4 Nf6 2. c4 g6 3. Nc3 d5 4. cxd5 Nxd5 5. e4 Nxc3 6. bxc3 Bg7 7. Bc4 c5 8. Ne2 Nc6 9. Be3 O-O 10. O-O e6 11. Rc1 Qc7 12. h4 Rd8 13. h5 Ne5 14. Bf4 Qe7 15. Bb3 Nc6 16. h6 Bh8 17. Be3 Na5 18. Qd2 Nxb3 19. axb3 b6 20. Ng3 Bb7 21. Rcd1 Rd7 22. Qe2 Rad8 23. e5 cxd4 24. cxd4 f6 25. f4 fxe5 26. fxe5 Qh4 27. Qf2 Ba6 28. Qf3 Bb7 29. Qf2 Ba6 30. Ra1 Bxf1 31. Rxf1 Qe7 32. Ne4 Rf8 33. Qe2 Rxf1+ 34. Qxf1 Rc7 35. Bg5 Qf7 36. Qb5 Qd7 37. Qd3 Bxe5 38. Bf6 Bf4 39. Bg7 Rc1+ 40. Kf2 Qc6 41. Kf3 Bc7 42. Kg4 Qc2 43. Qf3 Qd1 44. Nf6+ Kf7 45. Nxh7+ Qxf3+ 46. Kxf3 Rh1 47. Ng5+ Kg8 48. Bf6 Bd6 49. h7+ Rxh7 50. Nxh7 Kxh7 51. Ke4 Kg8 52. d5 exd5+ 53. Kxd5 Bf4 54. Kc6 Be3 55. Kb7 a5 56. Bd8 b5 57. Bxa5 Kf7 58. Kc6 Ke6 59. Kxb5 Kf5 60. Bb6 Ke4 61. Bxe3 Kxe3 62. b4 Kf2 63. g4 Kg3 64. Kc6 Kxg4 65. b5 Kf4 66. b6 g5 67. b7 g4 68. b8=Q+ Kf3 69. Qh2 1-0


[Site "https://www.chess.com"]

[Event "Titled Tuesday Blitz August 02 Late 2022"]
[White "Sarana, Alexey"]
[Black "Katz, Alexander"]
[WhiteFideId "24133795"]
[BlackFideId "2039796"]
[WhiteElo "2666"]
[BlackElo "2386"]
[Result "1-0"]
[Round "02"]
[TimeControl "180+1"]
[Date "2022.08.02"]
[WhiteClock "0:00:35"]
[BlackClock "0:00:15"]

1. c4 e5 2. Nc3 f5 3. g3 Nf6 4. Bg2 Nc6 5. d3 Be7 6. Nf3 O-O 7. O-O d6 8. Rb1 h6 9. b4 a6 10. b5 axb5 11. cxb5 Na5 12. Nd2 Be6 13. e3 f4 14. exf4 exf4 15. Re1 Qd7 16. Qe2 Kf7 17. gxf4 Rae8 18. Nce4 Bg4 19. Nf3 Kg8 20. h3 Bh5 21. Ng3 Bf7 22. Bb2 b6 23. Bc3 Nd5 24. Bxa5 Nxf4 25. Qe4 Bd5 26. Qd4 bxa5 27. Nh5 Bg5 28. Nxg5 Rxe1+ 29. Rxe1 Bxg2 30. Nxf4 Ba8 31. Nge6 Rf5 32. Kh2 Qf7 33. Rg1 g5 34. h4 Kh7 35. hxg5 Rxf4 36. Nxf4 1-0


[Site "https://www.chess.com"]

[Event "Titled Tuesday Blitz August 02 Late 2022"]
[White "Shapiro, David"]
[Black "Xiong, Jeffery"]
[WhiteFideId "24133523"]
[BlackFideId "2047640"]
[WhiteElo "2300"]
[BlackElo "2714"]
[Result "1-0"]
[Round "02"]
[TimeControl "180+1"]
[Date "2022.08.02"]
[WhiteClock "0:01:02"]
[BlackClock "0:00:45"]

1. e4 c5 2. Nf3 d6 3. d4 cxd4 4. Nxd4 Nf6 5. Nc3 a6 6. Bg5 Nbd7 7. f4 Qc7 8. Qf3 g6 9. O-O-O Bg7 10. Nd5 Nxd5 11. exd5 Nf6 12. f5 Qa5 13. Bc4 O-O 14. Rhe1 Bxf5 15. Nxf5 gxf5 16. Qxf5 Rfc8 17. Rxe7 Rxc4 18. Bxf6 Bh6+ 19. Bg5 1-0


[Site "https://www.chess.com"]

[Event "Titled Tuesday Blitz August 02 Late 2022"]
[White "Shimanov, Aleksandr"]
[Black "Sanchez Alvares, Kelvin Antonio"]
[WhiteFideId "4198603"]
[BlackFideId "3906680"]
[WhiteElo "2605"]
[BlackElo "2193"]
[Result "1-0"]
[Round "02"]
[TimeControl "180+1"]
[Date "2022.08.02"]
[WhiteClock "0:01:13"]
[BlackClock "0:00:28"]

1. e4 c5 2. Nf3 d6 3. d4 cxd4 4. Qxd4 e5 5. Bb5+ Nd7 6. Qd3 a6 7. Bxd7+ Bxd7 8. c4 b5 9. Nc3 bxc4 10. Qxc4 Be6 11. Qd3 h6 12. O-O Nf6 13. Rd1 Qb8 14. b3 Be7 15. Ba3 Qb7 16. Nd2 O-O 17. Nc4 Rfd8 18. Ne3 Bf8 19. Ncd5 Bxd5 20. Nxd5 Nxd5 21. Qxd5 Qxd5 22. Rxd5 a5 23. Rc1 a4 24. b4 Rd7 25. Kf1 f6 26. b5 Rb8 27. Ke2 Kf7 28. Kd3 Rdb7 29. Kc4 Rc8+ 30. Kb4 Rxc1 31. Bxc1 Rc7 32. Be3 Rc2 33. a3 Ke6 34. b6 Kd7 35. Kxa4 Rc4+ 36. Kb5 Rxe4 37. a4 f5 38. a5 f4 39. a6 fxe3 40. fxe3 Rxe3 41. a7 Rb3+ 42. Kc4 Ra3 43. b7 1-0


[Site "https://www.chess.com"]

[Event "Titled Tuesday Blitz August 02 Late 2022"]
[White "Shohat, Yotam"]
[Black "Sjugirov, Sanan"]
[WhiteFideId "2813955"]
[BlackFideId "4189302"]
[WhiteElo "2119"]
[BlackElo "2609"]
[Result "0-1"]
[Round "02"]
[TimeControl "180+1"]
[Date "2022.08.02"]
[WhiteClock "0:02:22"]
[BlackClock "0:02:32"]

1. e4 c5 2. Nf3 e6 3. b3 a6 4. Bb2 d5 5. exd5 exd5 6. c4 d4 7. d3 Nc6 8. Be2 Bd6 9. O-O Nf6 10. a3 a5 11. Re1 O-O 12. Nfd2 Bf5 13. Qc2 Re8 14. h3 Ne5 15. Ne4 Bxe4 16. dxe4 d3 17. Bxd3 Nxd3 18. Rd1 Nxb2 19. Qxb2 Bh2+ 0-1


[Site "https://www.chess.com"]

[Event "Titled Tuesday Blitz August 02 Late 2022"]
[White "Szabo, Marcell"]
[Black "Svane, Frederik"]
[WhiteFideId "2072033"]
[BlackFideId "12923044"]
[WhiteElo "1777"]
[BlackElo "2459"]
[Result "0-1"]
[Round "02"]
[TimeControl "180+1"]
[Date "2022.08.02"]
[WhiteClock "0:01:22"]
[BlackClock "0:02:02"]

1. e4 b6 2. d4 Bb7 3. Nc3 e6 4. Bd3 Bb4 5. Bd2 Nf6 6. Qe2 d5 7. e5 Bxc3 8. bxc3 Ne4 9. Bxe4 dxe4 10. Nh3 Nc6 11. Qxe4 Na5 12. Qg4 Qd5 13. Nf4 Qe4+ 14. Qe2 Qc6 15. f3 O-O-O 16. Nd3 Rhg8 17. Nb4 Qa4 18. O-O g5 19. Qd3 g4 20. f4 c5 21. Qxh7 cxb4 22. Qxf7 Qc6 23. Rf2 g3 24. Rf3 gxh2+ 25. Kh1 Rxg2 26. Raf1 Rg1+ 27. Rxg1 Qxf3+ 28. Kxh2 Rh8+ 29. Qh7 Rxh7# 0-1


[Site "https://www.chess.com"]

[Event "Titled Tuesday Blitz August 02 Late 2022"]
[White "Tatarinov, Dmitry"]
[Black "Naroditsky, Daniel"]
[WhiteFideId "24160067"]
[BlackFideId "2026961"]
[WhiteElo "2302"]
[BlackElo "2608"]
[Result "0-1"]
[Round "02"]
[TimeControl "180+1"]
[Date "2022.08.02"]
[WhiteClock "0:00:30"]
[BlackClock "0:00:28"]

1. d4 Nf6 2. c4 g6 3. g3 Bg7 4. Bg2 d6 5. Nc3 O-O 6. Nf3 Nbd7 7. O-O e5 8. e4 exd4 9. Nxd4 Re8 10. f3 c6 11. Re1 d5 12. cxd5 cxd5 13. exd5 Rxe1+ 14. Qxe1 Nb6 15. Kh1 Nfxd5 16. Nde2 Nb4 17. Qg1 Nd3 18. f4 Bg4 19. Be3 Nc4 20. Bd4 Bxd4 21. Nxd4 Qb6 22. b3 Nd6 23. Nd5 Qd8 24. h3 Bxh3 25. Bxh3 Ne4 26. Qe3 Qxd5 27. Bg2 Rd8 28. Qxe4 Nf2+ 0-1


[Site "https://www.chess.com"]

[Event "Titled Tuesday Blitz August 02 Late 2022"]
[White "Tica, Sven"]
[Black "Steinberg, Nitzan"]
[WhiteFideId "14526948"]
[BlackFideId "2801795"]
[WhiteElo "2346"]
[BlackElo "2471"]
[Result "0-1"]
[Round "02"]
[TimeControl "180+1"]
[Date "2022.08.02"]
[WhiteClock "0:00:09"]
[BlackClock "0:00:11"]

1. e4 g6 2. d4 Bg7 3. Be3 c5 4. c3 Nf6 5. f3 O-O 6. Qd2 d5 7. e5 Nfd7 8. Bd3 Nc6 9. f4 cxd4 10. cxd4 Nb6 11. b3 Bf5 12. Bxf5 gxf5 13. Nf3 e6 14. Nc3 a5 15. a4 Nb4 16. O-O Rc8 17. Rfc1 Kh8 18. Nb5 Rc6 19. Na7 Rxc1+ 20. Rxc1 Qd7 21. Rc5 Na6 22. Rc3 Ra8 23. Nb5 Bf8 24. Qc1 Rc8 25. Bd2 Nb4 26. Rxc8 Nxc8 27. Ne1 Qc6 28. Kf2 Be7 29. Ke3 Kg8 30. Qc3 Kf8 31. Nd3 Ke8 32. Qxc6+ bxc6 33. Bxb4 cxb5 34. Bxa5 bxa4 35. bxa4 Kd7 36. h3 h5 37. g3 Kc6 38. Nc1 Kb7 39. Nb3 Na7 40. Kf3 Nc6 41. Be1 Ba3 42. Bc3 Nb8 43. g4 hxg4+ 44. hxg4 fxg4+ 45. Kxg4 Nd7 46. Kg5 Bf8 47. f5 Kc8 48. fxe6 fxe6 49. Kg6 Nb6 50. a5 Na4 51. Bd2 Ba3 52. Kf7 Kd7 53. a6 Nb6 54. Ba5 Nc8 55. Nc5+ Bxc5 56. dxc5 d4 57. Bb6 d3 58. a7 Nxa7 59. Ba5 Nc6 60. Bc3 Nxe5+ 61. Kf6 Nc4 62. c6+ Kd6 63. c7 Nb6 64. Ba5 Nc8 65. Bd2 e5 66. Bb4+ Kd5 67. Kf7 e4 68. Ke8 e3 69. Kd8 Na7 0-1


[Site "https://www.chess.com"]

[Event "Titled Tuesday Blitz August 02 Late 2022"]
[White "Vagman, Roy"]
[Black "Babazada, Khazar"]
[WhiteFideId "2828995"]
[BlackFideId "13413554"]
[WhiteElo "1956"]
[BlackElo "2409"]
[Result "0-1"]
[Round "02"]
[TimeControl "180+1"]
[Date "2022.08.02"]
[WhiteClock "0:00:02"]
[BlackClock "0:00:08"]

1. d4 Nf6 2. Nf3 g6 3. c4 Bg7 4. g3 O-O 5. Bg2 d6 6. O-O Bg4 7. Nc3 c6 8. h3 Bxf3 9. exf3 Qc7 10. f4 Na6 11. Be3 e6 12. Qd2 d5 13. cxd5 exd5 14. Rac1 Qe7 15. Rfe1 Rfe8 16. Kh2 h5 17. a3 Qd7 18. b4 Nc7 19. Na4 Nb5 20. Nc5 Qc8 21. a4 Nd6 22. Bf1 Re7 23. b5 cxb5 24. axb5 Qe8 25. Qb4 Nf5 26. Bd2 Nh7 27. Bc3 b6 28. Nd3 Nf6 29. Ne5 Ne4 30. Kg2 Rc8 31. Nc6 Re6 32. Bb2 Bf8 33. Qb3 Rc7 34. Qd3 a6 35. Qb3 axb5 36. Bxb5 Qc8 37. Qxd5 Ned6 38. Ne5 Nxb5 39. Qxb5 Rxc1 40. Rxc1 Qb7+ 41. d5 Rd6 42. Nc6 Qd7 43. Rd1 Qe8 44. Be5 Rd7 45. Qxb6 f6 46. Bxf6 Qe4+ 47. Kh2 Qf3 48. Rg1 Qxd5 49. Ne5 Rd6 50. Qb8 Rxf6 51. Rc1 Qd4 52. Rc2 Qe4 53. Rd2 Nd4 54. Qc8 Nf3+ 55. Nxf3 Qxf3 56. Qc4+ Rf7 57. Qd4 h4 58. Qc4 Bg7 59. Rd7 Qxf2+ 60. Kh1 Qe1+ 61. Kg2 Qxg3+ 62. Kh1 Qxh3+ 63. Kg1 Qxd7 64. f5 Qxf5 65. Qc8+ Qxc8 0-1


[Site "https://www.chess.com"]

[Event "Titled Tuesday Blitz August 02 Late 2022"]
[White "Yoo, Christopher Woojin"]
[Black "Romanchuk, Viktor"]
[WhiteFideId "30909694"]
[BlackFideId "14109271"]
[WhiteElo "2105"]
[BlackElo "2242"]
[Result "1-0"]
[Round "02"]
[TimeControl "180+1"]
[Date "2022.08.02"]
[WhiteClock "0:02:31"]
[BlackClock "0:01:33"]

1. e4 e6 2. d3 d5 3. Nd2 Nf6 4. g3 c5 5. Bg2 g6 6. Ngf3 Bg7 7. O-O O-O 8. c3 Nc6 9. e5 Nd7 10. d4 b5 11. Re1 b4 12. Nf1 bxc3 13. bxc3 cxd4 14. cxd4 Ba6 15. Ne3 Nb4 16. Qa4 Rb8 17. Ba3 Qe7 18. Qxa6 Nxa6 19. Bxe7 Rfe8 20. Bd6 1-0


[Site "https://www.chess.com"]

[Event "Titled Tuesday Blitz August 02 Late 2022"]
[White "Zhigalko, Sergei"]
[Black "Vovk, Orest"]
[WhiteFideId "13502956"]
[BlackFideId "14113490"]
[WhiteElo "2662"]
[BlackElo "2203"]
[Result "1-0"]
[Round "02"]
[TimeControl "180+1"]
[Date "2022.08.02"]
[WhiteClock "0:00:09"]
[BlackClock "0:00:03"]

1. e4 g5 2. d4 h6 3. Nc3 Bg7 4. h4 c5 5. dxc5 Bxc3+ 6. bxc3 g4 7. Qxg4 Nf6 8. Qf3 Nc6 9. Bd3 Qa5 10. Ne2 Qxc5 11. Qe3 Qa5 12. f3 h5 13. a4 Rg8 14. O-O d6 15. Rf2 Ne5 16. Nf4 Bd7 17. Rb1 Bc6 18. c4 Rg3 19. Qd2 Qxa4 20. Nd5 Nxc4 21. Bxc4 Qxc4 22. Nc7+ Kd7 23. Nxa8 b5 24. Ra1 Bxe4 25. Rxa7+ Ke6 26. Nc7+ Ke5 27. Qf4+ Kd4 28. Qxg3 1-0


[Site "https://www.chess.com"]

[Event "Titled Tuesday Blitz August 02 Late 2022"]
[White "Zhurbinsky, David"]
[Black "Harsha Bharathakoti"]
[WhiteFideId "2072904"]
[BlackFideId "5078776"]
[WhiteElo "2572"]
[BlackElo "2575"]
[Result "0-1"]
[Round "02"]
[TimeControl "180+1"]
[Date "2022.08.02"]
[WhiteClock "0:00:22"]
[BlackClock "0:01:47"]

1. e4 c6 2. d4 d5 3. Nc3 dxe4 4. Nxe4 Bf5 5. Nc5 e5 6. Nxb7 Qb6 7. Nc5 exd4 8. Nb3 c5 9. Qf3 Qe6+ 10. Be2 Be4 11. Qg3 Nf6 12. Nh3 Bd6 13. Bf4 Bxf4 14. Nxf4 Qe5 15. O-O O-O 16. Nh5 Qxg3 17. Nxf6+ gxf6 18. fxg3 Nd7 19. Bb5 Ne5 20. Nxc5 Bxc2 21. Rac1 d3 22. Ne4 Rfb8 23. Nxf6+ Kg7 24. Bd7 Nxd7 25. Nxd7 Rxb2 26. Rf2 Rd8 27. Ne5 d2 28. Rxf7+ Kg8 29. Rcf1 d1=Q 0-1


[Site "https://www.chess.com"]

[Event "Titled Tuesday Blitz August 02 Late 2022"]
[White "Alekseenko, Kirill"]
[Black "D`Arruda, Ricardo D."]
[WhiteFideId "4135539"]
[BlackFideId "100692"]
[WhiteElo "2682"]
[BlackElo "2439"]
[Result "1-0"]
[Round "03"]
[TimeControl "180+1"]
[Date "2022.08.02"]
[WhiteClock "0:02:00"]
[BlackClock "0:01:20"]

1. f4 d5 2. Nf3 Nc6 3. d4 Nf6 4. e3 g6 5. c3 Bg7 6. Be2 Ne4 7. Nbd2 Bf5 8. O-O O-O 9. Nxe4 Bxe4 10. Bd2 f6 11. Be1 e5 12. fxe5 fxe5 13. Bg3 exd4 14. exd4 Qd7 15. Qb3 Rab8 16. Rae1 a6 17. Ng5 Bf5 18. Bf3 Ne7 19. Rxe7 Qxe7 20. Bxd5+ Kh8 21. Nf7+ Kg8 22. Re1 Qf6 23. Bxc7 Rbc8 24. Be5 Qh4 25. g3 Qh5 26. Bf3 Rxf7 27. Bxh5 gxh5 28. Rf1 Bg6 29. Bxg7 Kxg7 30. Rxf7+ Bxf7 31. Qxb7 Re8 32. Qxa6 1-0


[Site "https://www.chess.com"]

[Event "Titled Tuesday Blitz August 02 Late 2022"]
[White "Ambartsumova, Karina"]
[Black "Holt, Conrad"]
[WhiteFideId "4166299"]
[BlackFideId "2034387"]
[WhiteElo "2262"]
[BlackElo "2586"]
[Result "0-1"]
[Round "03"]
[TimeControl "180+1"]
[Date "2022.08.02"]
[WhiteClock "0:00:04"]
[BlackClock "0:00:17"]

1. d4 d5 2. Nf3 Nf6 3. c4 c6 4. g3 dxc4 5. Bg2 Nbd7 6. Na3 Nb6 7. O-O g6 8. Re1 Bg7 9. Qc2 O-O 10. Nxc4 Bf5 11. Qc3 Ne4 12. Qb4 Bxd4 13. Ne3 c5 14. Qb3 c4 15. Qd1 Bc5 16. Qxd8 Raxd8 17. Ne5 Bd4 18. Bxe4 Bxe4 19. N5xc4 Nxc4 20. Nxc4 Rc8 21. Ne3 Rfd8 22. Rd1 f5 23. a4 e5 24. Rd2 Kf7 25. Nf1 Rc2 26. Rxc2 Bxc2 27. e3 Bc5 28. Bd2 Rd5 29. Rc1 Bxa4 30. Ra1 Bb5 31. Bc3 a6 32. Nd2 Ke6 33. Nf3 Be7 34. h4 h6 35. Rc1 Bc6 36. Nd2 g5 37. e4 fxe4 38. Nxe4 gxh4 39. gxh4 Bxh4 40. Re1 Kf5 41. Nd2 Bg5 42. Nc4 Bf4 43. Ne3+ Bxe3 44. fxe3 e4 45. Kf2 h5 46. Rh1 Ke6 47. Rh4 Rf5+ 48. Ke2 a5 49. Bd4 b5 50. Rh1 b4 51. Rc1 Kd6 52. Rh1 a4 53. Rh2 Kd5 54. Kd1 Bb5 55. Kc2 Bd3+ 56. Kd2 Kc4 57. Rg2 Kb3 58. Rh2 a3 59. bxa3 Kxa3 60. Rh1 Ka2 61. Rh2 Kb3 62. Rg2 h4 63. Rh2 Rh5 64. Bf6 h3 65. Bd4 Kc4 66. Kc1 Bf1 67. Kb2 Bg2 68. Bf6 Rf5 69. Bd4 Rf2+ 70. Kb1 Kb3 71. Kc1 Rc2+ 72. Kb1 Rc4 73. Be5 Rc5 74. Bd4 Rd5 75. Kc1 Rxd4 76. exd4 Kc4 77. Kb2 Kxd4 78. Kb3 e3 79. Kxb4 e2 0-1


[Site "https://www.chess.com"]

[Event "Titled Tuesday Blitz August 02 Late 2022"]
[White "Awatramani, Janak"]
[Black "Manukian, Artak"]
[WhiteFideId "2608359"]
[BlackFideId "13301373"]
[WhiteElo "2748"]
[BlackElo "2424"]
[Result "1-0"]
[Round "03"]
[TimeControl "180+1"]
[Date "2022.08.02"]
[WhiteClock "0:00:44"]
[BlackClock "0:00:03"]

1. e4 c6 2. d4 d5 3. Nc3 dxe4 4. Nxe4 Nf6 5. Ng3 Bg4 6. f3 Bd7 7. c3 e6 8. Bd3 c5 9. N1e2 Nc6 10. Be3 cxd4 11. Nxd4 Be7 12. Qc2 O-O 13. O-O-O Qa5 14. Kb1 Rac8 15. Nb3 Qc7 16. Ne4 Kh8 17. Nxf6 Bxf6 18. h4 Ne5 19. Bxh7 Ba4 20. Be4 Nc4 21. Bc1 b5 22. h5 b4 23. h6 g6 24. cxb4 Qe5 25. f4 Bxb3 26. fxe5 Bxc2+ 27. Bxc2 Bxe5 28. Rd7 Rc7 29. Rhd1 Rfc8 30. Rxc7 Rxc7 31. g4 Kh7 32. g5 Nd6 33. a4 Nf5 34. b5 Bd4 35. Bxf5 gxf5 36. Rxd4 e5 37. Rd5 Re7 38. a5 f4 39. b6 axb6 40. axb6 Kg6 41. Rd6+ Kxg5 42. h7 Re8 43. b7 e4 44. Rc6 Rb8 45. Rc8 e3 46. h8=Q Rxb7 47. Qe5+ Kg4 48. Rc4 Kf3 49. Rxf4+ Ke2 50. Qxe3+ 1-0


[Site "https://www.chess.com"]

[Event "Titled Tuesday Blitz August 02 Late 2022"]
[White "Babazada, Khazar"]
[Black "Rosen, Eric"]
[WhiteFideId "13413554"]
[BlackFideId "2032562"]
[WhiteElo "2409"]
[BlackElo "2362"]
[Result "1-0"]
[Round "03"]
[TimeControl "180+1"]
[Date "2022.08.02"]
[WhiteClock "0:00:22"]
[BlackClock "0:00:03"]

1. Nf3 d5 2. g3 Nf6 3. Bg2 e6 4. O-O Be7 5. d3 b6 6. Nc3 Bb7 7. e4 dxe4 8. Ng5 O-O 9. dxe4 Nc6 10. e5 Nd7 11. Qh5 h6 12. Nh3 Ndxe5 13. Bxh6 gxh6 14. Rad1 Qc8 15. Qxh6 Rd8 16. Ng5 Bxg5 17. Qxg5+ Ng6 18. Ne4 Rxd1 19. Rxd1 Qf8 20. Nf6+ Kg7 21. h4 Rd8 22. Nh5+ Kg8 23. Re1 Na5 24. Rxe6 Rd6 25. Nf6+ Kg7 26. Re8 Rxf6 27. Rxf8 Kxf8 28. Qxf6 Bxg2 29. Kxg2 Nc4 30. h5 Ke8 31. hxg6 fxg6 32. Qe6+ Kd8 33. Qxc4 Kc8 34. Qc6 g5 35. Kf3 b5 36. Ke4 b4 37. Kd5 b3 38. axb3 a5 39. Ke6 a4 40. Qa8# 1-0


[Site "https://www.chess.com"]

[Event "Titled Tuesday Blitz August 02 Late 2022"]
[White "Bjelobrk, Igor"]
[Black "Zhigalko, Sergei"]
[WhiteFideId "4300726"]
[BlackFideId "13502956"]
[WhiteElo "2335"]
[BlackElo "2662"]
[Result "0-1"]
[Round "03"]
[TimeControl "180+1"]
[Date "2022.08.02"]
[WhiteClock "0:00:13"]
[BlackClock "0:00:04"]

1. Nf3 d5 2. e3 Nf6 3. c4 e6 4. d4 b6 5. Nc3 Bd6 6. cxd5 exd5 7. Bb5+ c6 8. Bd3 O-O 9. O-O Re8 10. Re1 Ne4 11. Ne5 Bxe5 12. dxe5 Nxc3 13. bxc3 Rxe5 14. c4 Qh4 15. g3 Qh5 16. Qxh5 Rxh5 17. Bb2 Bg4 18. cxd5 cxd5 19. Rac1 Nd7 20. Rc7 Nc5 21. Bf1 Ne6 22. Rb7 Nc5 23. Re7 Kf8 24. Re5 Rxe5 25. Bxe5 Rc8 26. h3 Bf3 27. Rc1 f6 28. Bd4 Ke7 29. g4 Kd6 30. Kh2 h5 31. Bb5 hxg4 32. hxg4 Bxg4 33. Kg2 Rh8 34. f3 Bh3+ 35. Kg3 Be6 36. a4 Rb8 37. a5 Rb7 38. axb6 axb6 39. Ra1 Bd7 40. Be2 Ne6 41. Bb2 Bc6 42. Rh1 Ra7 43. Rh8 Ra2 44. Bc3 Rxe2 45. Bb4+ Nc5 46. Rg8 Rxe3 47. Rxg7 d4 0-1


[Site "https://www.chess.com"]

[Event "Titled Tuesday Blitz August 02 Late 2022"]
[White "Bortnyk, Olexandr"]
[Black "Ernst, Sipke"]
[WhiteFideId "14120828"]
[BlackFideId "1004689"]
[WhiteElo "2723"]
[BlackElo "2436"]
[Result "1-0"]
[Round "03"]
[TimeControl "180+1"]
[Date "2022.08.02"]
[WhiteClock "0:00:25"]
[BlackClock "0:00:01"]

1. d4 d5 2. Nc3 c6 3. Bf4 Bf5 4. e3 Nd7 5. Nf3 e6 6. Ne5 Nxe5 7. Bxe5 Nf6 8. Bd3 Bg6 9. Ne2 Nd7 10. Bg3 Be7 11. O-O O-O 12. c4 Bxd3 13. Qxd3 dxc4 14. Qxc4 Qa5 15. a3 Rac8 16. b4 Qf5 17. Nc3 Nb6 18. Qb3 Qd3 19. Rfd1 Qc4 20. Qb2 Nd5 21. Rac1 Nxc3 22. Rxc3 Qd5 23. Rdc1 Bf6 24. h3 Qd7 25. Qe2 a6 26. a4 Rfd8 27. Qf3 Be7 28. Rc4 Bd6 29. Bh4 Re8 30. Qg4 Bf8 31. Qe4 b5 32. Rxc6 bxa4 33. Bg3 Bxb4 34. Rc7 Rxc7 35. Rxc7 Qd5 36. Qd3 Qb5 37. Qc2 a3 38. Kh2 Bf8 39. Be5 a5 40. e4 f6 41. Bg3 Qb2 42. Qa4 Rd8 43. Qxa5 Qxd4 44. Ra7 Rc8 45. Qa6 Re8 46. Qb7 Kh8 47. Qf7 Rd8 48. e5 Qd5 49. exf6 1-0


[Site "https://www.chess.com"]

[Event "Titled Tuesday Blitz August 02 Late 2022"]
[White "Chigaev, Maksim"]
[Black "Shapiro, David"]
[WhiteFideId "4108116"]
[BlackFideId "24133523"]
[WhiteElo "2438"]
[BlackElo "2300"]
[Result "1-0"]
[Round "03"]
[TimeControl "180+1"]
[Date "2022.08.02"]
[WhiteClock "0:00:10"]
[BlackClock "0:00:00"]

1. Nf3 Nf6 2. g3 d5 3. Bg2 c6 4. O-O Bg4 5. c4 e6 6. Qb3 Qb6 7. d3 Nbd7 8. Be3 Bc5 9. Bxc5 Nxc5 10. Qc2 O-O 11. Nbd2 Rfe8 12. h3 Bh5 13. g4 Bg6 14. Ne5 Ncd7 15. Ndf3 Nxe5 16. Nxe5 Rad8 17. Kh1 Nd7 18. Nxg6 hxg6 19. Rab1 g5 20. b4 Ne5 21. b5 c5 22. cxd5 exd5 23. Rfc1 c4 24. Kg1 cxd3 25. exd3 Ng6 26. Qc5 Nf4 27. Qxb6 axb6 28. Bf1 Ra8 29. Rb2 Rec8 30. Rbc2 Rxc2 31. Rxc2 Ra3 32. Rc8+ Kh7 33. Rc7 Rxa2 34. Rxf7 Ra1 35. f3 Nxd3 36. Rxb7 Nf4 37. Rxb6 Nxh3+ 38. Kg2 Nf4+ 39. Kf2 d4 40. Rd6 Ra2+ 41. Kg3 d3 42. Bxd3+ Nxd3 43. Rxd3 Rb2 44. Rd5 Kg6 45. Rf5 1-0


[Site "https://www.chess.com"]